 Dungeon Crawl Stone Soup version 0.30-a0-613-gdd512c7efb (webtiles) character file.

Game seed: 17433592613218291711

2 drugrobin the Sneak (level 1, 0/18 HPs)
             Began as a Demigod Delver on Jan 9, 2023.
             Slain by an elf zombie (1 damage)
             ... in an ossuary.
             The game lasted 00:01:44 (345 turns).

drugrobin the Sneak (Demigod Delver)                 Turns: 345, Time: 00:01:45

Health: 0/18       AC:  3    Str: 13    XL:     1   Next: 20%
Magic:  3/3        EV: 11    Int: 12    God:
Gold:   12         SH:  0    Dex: 15    Spells: 0/0 levels left

rFire   . . .      SeeInvis .      - Unarmed
rCold   . . .      Faith    .    (no shield)
rNeg    . . .      Spirit   .    a - +0 leather armour
rPois   .          Reflect  .    (no helmet)
rElec   .          Harm     .    (no cloak)
rCorr   .          Rampage  .    (no gloves)
Will    .....                    (no boots)
Stlth   +++                      (no amulet)
HPRegen 0.23/turn                (no ring)
MPRegen 0.08/turn                (no ring)

@: hasted, very quick
A: high MP 1, forlorn, divine attributes
a: no special abilities


You were in an ossuary.
You visited 1 branch of the dungeon, and saw 2 of its levels.
You also visited: Ossuary.

You collected 12 gold pieces.

Inventory:

Armour
 a - a +0 leather armour (worn)
Wands
 f - a wand of digging (2)
Scrolls
 b - a scroll of fog
 c - a scroll of magic mapping
 d - a scroll of fear
 g - a scroll of noise {unknown}
 h - a scroll of enchant weapon {unknown}
 i - a scroll of teleportation {unknown}
 j - a scroll of identify {unknown}
Potions
 k - a potion of ambrosia {unknown}


   Skills:
 - Level 2.6 Fighting
 - Level 1.7 Dodging
 - Level 4.5 Stealth
 + Level 2.0 Unarmed Combat


You couldn't memorise any spells.
You didn't know any spells.
Your spell library was empty.

Dungeon Overview and Level Annotations

Branches:
Dungeon (5/15)            Ossuary (1/1)
 Temple: D:4-7

Annotations:
D:5 exclusion: adder


Innate Abilities, Weirdness & Mutations

You have an increased reservoir of magic. (+10% MP)
You shall have no god before yourself.
Your divine heritage dramatically boosts your attributes as you level up.


Message History

You resist with significant effort. The endoplasm attacks as you move away!
The endoplasm hits you but does no damage.
The orc shouts!
There is a sand-covered staircase here.
The endoplasm closely misses you.
The world spins around you as you enter the gateway.
You enter an ossuary!
Found a gate leading back out of this place.
There is an empty arch of ancient stone here.
An elf zombie and an orc zombie come into view.
Unknown command.
There is an empty arch of ancient stone here.
There is a gate leading back out of this place here.
You hit the elf zombie.
The elf zombie is lightly damaged.
The elf zombie hits you.
You hit the elf zombie but do no damage.
The elf zombie is lightly damaged.
You hit the elf zombie.
The elf zombie is lightly damaged.
The elf zombie hits you.
You closely miss the elf zombie.
The elf zombie is lightly damaged.
The elf zombie hits you.
You closely miss the elf zombie.
The elf zombie is lightly damaged.
The elf zombie closely misses you.
You hit the elf zombie.
The elf zombie is lightly damaged.
You hit the elf zombie.
The elf zombie is lightly damaged.
The elf zombie hits you.
You hit the elf zombie.
The elf zombie is moderately damaged.
The elf zombie hits you.
* * * LOW HITPOINT WARNING * * *
Okay, then.
You feel yourself speed up. The elf zombie hits you.
You die...

.......
.....
#...#
#...#
##...##
##.....##
#...∩...#
#...Z...#
#...@...#
##.....##
##...##
#####


You could see an elf zombie.

Vanquished Creatures
  An endoplasm (D:4)
  A jackal zombie (D:4)
2 creatures vanquished.

Notes
Turn   | Place    | Note
-------+----------+-------------------------------------------
     0 | D:5      | drugrobin the Demigod Delver began the quest for the Orb.
     0 | D:5      | Reached XP level 1. HP: 18/18 MP: 3/3
    49 | D:5      | Noticed an ice beast
   240 | D:4      | Found a sand-covered staircase.
   290 | D:4      | Noticed an orc wizard
   323 | Ossuary  | Entered an ossuary
   345 | Ossuary  | Slain by an elf zombie

Illustrated notes

Levels and vault maps discovered:
D:4:      layout_basic, amethyst_overflow_temple_binary, marbit_many_paths,
          enter_ossuary_3, minmay_manual_moon
D:5:      layout_basic, slow_altar_2
Ossuary:  minmay_ossuary_gauntlet

Skill      XL: |  1 |
---------------+----+-----
Unarmed Combat | 2 |  2.0
Fighting       | |  2.6
Dodging        | |  1.7
Stealth        | |  4.5

Action                   || total
-------------------------++-------
Melee: Unarmed           ||    21
       Punch             ||     1
Evoke: Wand              ||     1
  Use: Potion            ||     1
Armor: Leather armour    ||     3
Dodge: Dodged            ||    10

Table legend: (Time is in decaauts)
 A = Elapsed time spent in this place.
 B = Non-inter-level travel time spent in this place.
 C = Inter-level travel time spent in this place.
 D = Time resting spent in this place.
 E = Time spent auto-exploring this place.
 F = Levels seen in this place.
 G = Mean time per level.
                   A        B        C        D        E       F      G
               +--------+--------+--------+--------+--------+-----+--------+
         Total |    343 |    316 |     27 |      0 |     14 |   3 |  114.3 |
       Dungeon |    322 |    295 |     27 |      0 |     14 |   2 |  161.0 |
       Ossuary |     21 |     21 |      0 |      0 |      0 |   1 |   21.0 |
               +--------+--------+--------+--------+--------+-----+--------+

Top non-repeatable levels by time:
     D:5: 240 daAuts
     D:4: 82 daAuts
 Ossuary: 21 daAuts
